 Dungeon Crawl Stone Soup version 0.27.1-1-g398f81649c (webtiles) character file.

Game seed: 5288839250290449364

231 acemry the Changer (level 6, 0/38 HPs)
             Began as an Octopode Transmuter on Sept 6, 2021.
             Shot with a stone by a goblin (1 damage)
             ... on level 4 of the Dungeon.
             The game lasted 00:09:22 (4013 turns).

acemry the Changer (Octopode Transmuter)            Turns: 4013, Time: 00:09:24

Health: 0/38       AC:  2    Str: 10    XL:     6   Next: 4%
Magic:  6/9        EV: 19    Int: 17    God:
Gold:   70         SH:  0    Dex: 17    Spells: 1/9 levels left

rFire    . . .     SeeInvis .     - Unarmed
rCold    . . .     Faith    .   (shield currently unavailable)
rNeg     . . .     Spirit   .   (helmet currently unavailable)
rPois    x         Reflect  .   (no amulet)
rElec    .         Harm     .   h - ring of willpower
rCorr    .         Rampage  .   (no ring)
Will     +....                  (no ring)
Stlth    ++........             (no ring)
HPRegen  0.12/turn              (no ring)
MPRegen  0.11/turn              (no ring)
                                (no ring)
                                (no ring)

@: lethally poisoned (0 -> -29), spider-form
A: venomous fangs, almost no armour, (amphibious), 8 rings, tiny, (camouflage
1), (gelatinous body 1), (nimble swimmer 1), (tentacles)
a: End Transformation


You were on level 4 of the Dungeon.
You were a venomous arachnid creature.
You visited 1 branch of the dungeon, and saw 4 of its levels.

You collected 119 gold pieces.
You spent 49 gold pieces at shops.

Inventory:

Hand Weapons
 e - a +0 short sword
 g - a +2 short sword of flaming (melded)
Armour
 f - a +0 buckler
Magical Staves
 d - a staff of earth
Jewellery
 h - a ring of willpower (left front leg)
Scrolls
 a - a scroll of blinking {unknown}
Potions
 b - a potion of resistance {unknown}
 c - a potion of might {unknown}


   Skills:
 - Level 1.0 Fighting
 - Level 2.1 Dodging
 - Level 0.3 Stealth
 - Level 3.4 Unarmed Combat
 - Level 2.3 Spellcasting
 - Level 4.5 Transmutations
 * Level 3.4 Poison Magic


You had one spell level left.
You knew the following spells:

 Your Spells              Type           Power      Damage    Failure   Level
a - Beastly Appendage     Tmut           34%        N/A       11%         1
b - Spider Form           Tmut/Pois      7%         N/A       26%         3
c - Ice Form              Ice/Tmut       9%         N/A       78%         4

Your spell library contained the following spells:

 Spells                   Type           Power      Damage    Failure   Level
 Wereblood                Tmut           17%        N/A       13%         2
 Cause Fear               Hex            0%         N/A       96%         4
 Dragon Form              Tmut           8%         N/A       100%        7
 Dragon's Call            Summ           0%         N/A       100%        9


Dungeon Overview and Level Annotations

Branches:
Dungeon (4/15)
 Temple: D:4-7

Altars:

Shops:
D:1 [   D:3 ![


Innate Abilities, Weirdness & Mutations

You are a venomous arachnid creature.
You have poisonous fangs.
You are tiny and dextrous.
Your spellcasting is less reliable in this form.
Your armour is entirely melded.
You are incapable of wielding weapons or throwing items.
You cannot wear most types of armour.
((You are amphibious.))
You can wear up to eight rings at the same time.
((Your skin changes colour to match your surroundings (Stealth+).))
((Your rubbery body absorbs attacks. (AC +1, EV +1)))
((You are camouflaged near water. (Stealth+)))
((You have tentacles for arms and can constrict up to eight enemies at once.))


Message History

You constrict the adder skeleton. The adder skeleton closely misses you.
You hit the adder skeleton but do no damage.
You pierce the adder skeleton.
You destroy the adder skeleton!
You start resting.
Magic restored.
You start waiting.
Your tentacle spike disappears.
A killer bee comes into view.
The killer bee buzzes angrily.
A goblin comes into view. It is wielding a +0 club.
The killer bee stings you.
You are poisoned.
The killer bee poisons you!
Casting: Beastly Appendage (safe; 3% risk of failure)
Confirm with . or Enter, or press ? or * to list all spells.
You turn into a venomous arachnid creature.
Your +2 short sword of flaming melds into your body.
Your +2 short sword of flaming stops flaming.
You feel sick. The killer bee closely misses you. The killer bee stings you!
You are lethally poisoned!
The killer bee poisons you!
The goblin unwields a +0 club.
The goblin wields a +0 hunting sling.
The goblin shoots a stone.
The stone completely misses you.
You hit the killer bee.
The killer bee is poisoned.
The killer bee is lightly wounded.
You feel very sick.
The killer bee stings you but does no damage.
The killer bee stings you!
* * * LOW HITPOINT WARNING * * *
You are more poisoned.
The killer bee poisons you!
The goblin shoots a stone.
The stone completely misses you.
You hit the killer bee.
The killer bee looks as sick as possible!
The killer bee is moderately wounded.
* * * LOW HITPOINT WARNING * * *
You feel extremely sick.
The killer bee barely misses you. x2; The goblin shoots a stone.
The stone hits you.
You die...

#.......... ..y...
#.!..........
......
#........#...
......
#............
#....##...........
#...............#
#..............#
.#......y.....#.#
..........ys....#
............<.###
##.####......##
#..........
#...........
#.g..........
.......<......
........#......
....#.#........


You could see 2 killer bees and a goblin.

Vanquished Creatures
  A killer bee (D:3)
  An orc priest (D:3)
  A hound (D:3)
  4 adders
  2 adder skeletons (D:4)
  2 worms (D:2)
  A dart slug (D:2)
  4 orcs (D:3)
  4 ball pythons
  7 bats
  4 endoplasms
  4 giant cockroaches
  4 hobgoblins
  13 jackals (D:2)
  4 quokkas
  2 frilled lizards (D:3)
  5 goblins
  5 kobolds
  4 rats
72 creatures vanquished.

Notes
Turn   | Place    | Note
-------+----------+-------------------------------------------
     0 | D:1      | acemry the Octopode Transmuter began the quest for the Orb.
     0 | D:1      | Reached XP level 1. HP: 13/13 MP: 3/3
   605 | D:1      | Found Ycaiff's Armour Shoppe.
   671 | D:1      | Reached XP level 2. HP: 18/18 MP: 3/5
  1219 | D:1      | Reached XP level 3. HP: 11/23 MP: 4/6
  1223 | D:1      | Learned a level 3 spell: Spider Form
  1598 | D:2      | Reached skill level 1 in Poison Magic
  2007 | D:1      | Bought a +0 buckler for 49 gold pieces
  2209 | D:2      | Reached XP level 4. HP: 26/28 MP: 5/7
  2364 | D:2      | Reached skill level 3 in Transmutations
  3028 | D:3      | Found Cauv's Antique Armour Shoppe.
  3282 | D:3      | Reached XP level 5. HP: 33/33 MP: 6/8
  3306 | D:3      | Found Basheicsyiph's Distillery.
  3741 | D:3      | Reached skill level 4 in Transmutations
  3745 | D:3      | Reached XP level 6. HP: 10/38 MP: 5/9
  3980 | D:3      | Learned a level 4 spell: Ice Form
  4013 | D:4      | HP: 1/38 [poisoned by a killer bee]
  4013 | D:4      | Shot with a stone by a goblin

Illustrated notes

Levels and vault maps discovered:
D:1:      dpeg_arrival_solitude, layout_loops_ring, serial_shops,
          nicolae_shop_statue_plus
D:2:      layout_loops_ring, kennysheep_nub
D:3:      layout_basic, serial_shops, shop, shop, nrook_mini_backslash,
          due_unseen_surprise
D:4:      layout_basic, minmay_manual_mares

Skill      XL: |  1  2  3  4  5 |
---------------+----------------+-----
Poison Magic   | 1 2 3 |  3.4
Transmutations | 3 4 |  4.5
Fighting       | |  1.0
Dodging        | |  2.1
Stealth        | |  0.3
Unarmed Combat | |  3.4
Spellcasting   | |  2.3

Action                   |  1- 3 |  4- 6 || total
-------------------------+-------+-------++-------
Melee: Unarmed           |    38 |     9 ||    47
       Constrict         |    22 |    18 ||    40
       Kick              |    16 |    14 ||    30
       Tentacles         |    13 |    12 ||    25
       Punch             |     2 |     1 ||     3
       Short sword       |    37 |    77 ||   114
 Cast: Beastly Appendage |    25 |    28 ||    53
       Spider Form       |       |     2 ||     2
  Use: Scroll            |       |     5 ||     5
 Stab: Sleeping          |     2 |     7 ||     9
Armor: Skin              |     5 |     9 ||    14
Dodge: Dodged            |    67 |    71 ||   138
